 Dungeon Crawl Stone Soup version 0.31-a0-43-g46d131a48f (webtiles) character file.

Game seed: 1947114745512032638

14229 Ahpoh the Covert (level 12, 0/62 HPs)
             Began as a Vine Stalker Monk on May 5, 2023.
             Was an Elder of Uskayaw.
             Slain by a death yak simulacrum (2 damage)
             ... in an ice cave on May 19, 2023.
             The game lasted 00:28:09 (9477 turns).

Ahpoh the Covert (Vine Stalker Monk)                Turns: 9477, Time: 00:28:10

Health: 0/62       AC: 24    Str: 17    XL:     12   Next: 14%
Magic:  0/13       EV:  7    Int: 10    God:    Uskayaw [****..]
Gold:   1091       SH:  9    Dex: 26    Spells: 11/11 levels left

rFire   + . .        l - +12 dagger of Watchfulness {speed, Str+4 Dex+3}
rCold   + . .        W - +2 buckler {rC+}
rNeg    . . .        K - +1 plate armour {rF+}
rPois   .            E - +1 helmet
rElec   .            p - +2 cloak {rCorr}
rCorr   +            v - +0 pair of gloves
SInv    .            O - +1 pair of boots {Fly}
Will    ++...        S - amulet of faith
Stlth   +            f - ring of willpower
HPRegen 1.10/turn    (no ring)
MPRegen 0.13/turn

%: guardian spirit, faith
@: flying
A: fangs 3, regeneration 1, magic shield, antimagic bite, no potion heal 2
a: Renounce Religion, Stomp, Line Pass


You were in an ice cave.
You worshipped Uskayaw.
Uskayaw was noncommittal.
You visited 3 branches of the dungeon, and saw 13 of its levels.
You also visited: Ossuary, Bailey and Ice Cave.

You collected 1091 gold pieces.

Inventory:

Hand Weapons
 a - a +0 falchion
 l - the +12 dagger of Watchfulness (weapon) {speed, Str+4 Dex+3}
   (You found it on level 2 of the Dungeon)

   Str:       It affects your strength (+4).
   Dex:       It affects your dexterity (+3).
Missiles
 s - 2 throwing nets (quivered)
Armour
 d - an orb of light
 j - a +0 chain mail
 p - a +2 cloak of preservation (worn)
 v - a +0 pair of gloves (worn)
 E - a +1 helmet (worn)
 K - a +1 plate armour of fire resistance (worn)
 O - a +1 pair of boots of flying (worn)
 V - a +0 kite shield of cold resistance
 W - a +2 buckler of cold resistance (worn)
Jewellery
 f - a ring of willpower (left hand)
 C - an amulet of faith
 Q - a ring of flight
 S - an amulet of faith (around neck)
 T - a ring of ice
Wands
 c - a wand of quicksilver (15)
 u - a wand of flame (34)
 x - a wand of charming (28)
 L - a wand of mindburst (7)
 R - a wand of iceblast (6)
Scrolls
 b - 6 scrolls of magic mapping {unknown}
 e - 12 scrolls of identify {unknown}
 g - 4 scrolls of fear {unknown}
 i - 5 scrolls of teleportation {unknown}
 m - 2 scrolls of brand weapon {unknown}
 n - 2 scrolls of amnesia {unknown}
 q - 4 scrolls of fog {unknown}
 w - 4 scrolls of blinking {unknown}
 y - 4 scrolls of enchant armour {unknown}
 D - a scroll of enchant weapon {unknown}
 G - 2 scrolls of immolation {unknown}
 J - a scroll of torment {unknown}
 M - a scroll of silence {unknown}
 N - a scroll of noise {unknown}
 P - 3 scrolls of poison {unknown}
Potions
 h - a potion of might {unknown}
 k - 4 potions of heal wounds {unknown}
 o - 3 potions of haste {unknown}
 r - 6 potions of flight
 t - 9 potions of curing {unknown}
 z - 4 potions of attraction {unknown}
 A - a potion of resistance {unknown}
 B - 3 potions of ambrosia
 F - 10 potions of degeneration
 H - 3 potions of lignification {unknown}
 I - a potion of mutation {unknown}
 U - a potion of brilliance {unknown}


   Skills:
 + Level 6.6 Fighting
 + Level 8.8(9.2) Short Blades
 + Level 4.1(7.0) Long Blades
 + Level 0.5 Throwing
 + Level 8.1 Armour
 + Level 3.8 Dodging
 + Level 12.0 Stealth
 + Level 5.2 Shields
 + Level 0.1 Evocations


You had 11 spell levels left.
You didn't know any spells.
Your spell library contained the following spells:

 Spells                   Type           Power      Damage    Failure   Level
 Freeze                   Ice            0%         1d3       100%        1
 Sandblast                Erth           0%         2d4       100%        1
 Cigotuvi's Dreadful Rot  Necr/Pois/Air  0%         N/A       100%        2
 Passwall                 Tmut/Erth      0%         N/A       100%        2
 Static Discharge         Conj/Air       0%         2-2/arc   100%        2
 Sublimation of Blood     Necr           0%         N/A       100%        2
 Wereblood                Tmut           0%         N/A       100%        2
 Frozen Ramparts          Ice            0%         1d1       100%        3
 Hailstorm                Conj/Ice       0%         3d3       100%        3
 Stone Arrow              Conj/Erth      0%         3d7       100%        3
 Airstrike                Air            0%         2d(0-16)  100%        4
 Anguish                  Hex/Necr       0%         N/A       100%        4
 Animate Armour           Summ/Erth      0%         N/A       100%        4
 Cause Fear               Hex            0%         N/A       100%        4
 Dispel Undead            Necr           0%         3d6       100%        4
 Petrify                  Tmut/Erth      0%         N/A       100%        4
 Summon Lightning Spire   Summ/Air       0%         N/A       100%        4
 Blade Hands              Tmut           0%         N/A       100%        5
 Irradiate                Conj/Tmut      0%         3d11      100%        5
 Death Channel            Necr           0%         N/A       100%        6
 Iron Shot                Conj/Erth      0%         9d1       100%        6
 Enfeeble                 Hex            0%         N/A       100%        7
 Summon Hydra             Summ           0%         N/A       100%        7


Dungeon Overview and Level Annotations

Branches:
Dungeon (11/15)            Temple (1/1) D:6            Lair (1/5) D:11
    Orc (0/2) D:10        Ossuary (visited)          Bailey (visited)
  IceCv (1/1)

Altars:
Cheibriados
Dithmenos
Elyvilon
Hepliaklqana
Kikubaaqudgha
Makhleb
Okawaru
Sif Muna
Trog
Uskayaw
Xom
Yredelemnul
Zin
The Shining One


Innate Abilities, Weirdness & Mutations

You have razor-sharp teeth.
Your natural rate of healing is unusually fast.
When hurt, damage is shared between your health and your magic reserves.
Your bite disrupts and absorbs the magic of your enemies.
Potions cannot restore your health.


Message History

The polar bear simulacrum is almost destroyed.
You puncture the polar bear simulacrum!
The polar bear simulacrum vaporises!
The reaper closely misses you.
The reaper hits you from afar with a +2 scythe of freezing!!
The reaper freezes you.
The reaper shouts, "You must die NOW!"
The reaper hits you with a +2 scythe of freezing!!
* * * LOW HITPOINT WARNING * * *
The reaper freezes you!
* * * LOW HITPOINT WARNING * * *
You completely miss the reaper. You bite the reaper, but do no damage.
The reaper hits you with a +2 scythe of freezing.
* * * LOW HITPOINT WARNING * * *
A cane toad simulacrum comes into view.
You hit the reaper but do no damage. Your bite misses the reaper.
You hit the reaper. You bite the reaper. You drain its power.
You feel invigorated.
The reaper is lightly wounded.
The reaper hits you but does no damage.
A naga simulacrum comes into view.
Uskayaw will force your foes to helplessly watch your dance.
Uskayaw prepares the audience for your solo!
The helpless reaper fails to defend itself.
You skewer the reaper like a kebab!!!!
You kill the reaper!
Uskayaw will force your foes to share their pain.
Uskayaw links your audience in an emotional bond!
Your Stealth skill increases to level 12!
The two-headed ogre simulacrum is no longer paralysed.
The spriggan simulacrum is no longer paralysed.
The elephant simulacrum is no longer paralysed.
The cane toad simulacrum is no longer paralysed.
The polar bear simulacrum is no longer paralysed.
The death yak simulacrum is no longer paralysed.
The elephant simulacrum is no longer paralysed.
The death yak simulacrum gores you.
* * * LOW HITPOINT WARNING * * *
The death yak simulacrum freezes you! You resist.
You die...

#.#.##
##.###
#.##
#.##
#..#
##.#
##.#
#.##
#@#
#ZZ#
##ZZ#


ZZZ# #.Z.. ....# #Z.## ..# You could see a death yak simulacrum (pain bonded), 2
elephant simulacra, a cane toad simulacrum (pain bonded), a polar bear
simulacrum (pain bonded), a spriggan simulacrum (pain bonded), 2 naga simulacra
and a two-headed ogre simulacrum (pain bonded).

Vanquished Creatures
  A reaper (IceCv)
  A two-headed ogre (D:10)
  3 cyclopes
  Joseph (D:7)
  Maurice (D:8)
  An ice statue (IceCv)
  A gargoyle (D:10)
  Maggie (D:8)
  3 kobold demonologists (D:9)
  An anaconda simulacrum (IceCv)
  A komodo dragon (D:11)
  2 trolls
  A hornet (D:9)
  A wraith (D:11)
  A dire elephant simulacrum (IceCv)
  A vampire (D:8)
  6 yaks (Lair:1)
  3 wyverns
  A steam dragon (D:7)
  8 water moccasins
  A hydra simulacrum (IceCv)
  A swamp drake (D:10)
  3 sky beasts (D:7)
  7 orc warriors
  An ogre (D:5)
  6 wolves (Lair:1)
  A centaur (D:9)
  2 phantoms
  4 kobold brigands
  3 gnoll sergeants
  7 bullfrogs
  A cane toad simulacrum (IceCv)
  3 two-headed ogre simulacra (IceCv)
  14 wights
  2 elephant simulacra (IceCv)
  2 howler monkeys (D:11)
  3 jellies
  A hound (D:4)
  9 orc priests
  Crazy Yiuf (D:2)
  2 sleepcaps
  2 iguanas
  Natasha (thrice) (D:2)
  15 orc wizards
  2 spriggan simulacra (IceCv)
  2 troll simulacra (IceCv)
  A polar bear simulacrum (IceCv)
  3 mummies (Ossuary)
  17 gnolls
  12 adders
  2 naga simulacra (IceCv)
  A shadow imp (D:5)
  5 white imps (IceCv)
  3 ufetubi
  7 adder zombies (Ossuary)
  2 worms
  2 dart slugs
  40 orcs
  4 endoplasms
  4 giant cockroaches
  9 goblins
  16 hobgoblins
  4 jackals (D:1)
  2 quokkas
  6 ball pythons
  5 bats
  5 frilled lizards
  A gnoll zombie (Ossuary)
  2 hobgoblin zombies (Ossuary)
  32 kobolds
  3 kobold zombies (Ossuary)
  5 rats
  5 rat zombies (Ossuary)
335 creatures vanquished.

Vanquished Creatures (others)
  A naga simulacrum (IceCv)
1 creature vanquished.

Grand Total: 336 creatures vanquished

Notes
Turn   | Place    | Note
-------+----------+-------------------------------------------
     0 | D:1      | Ahpoh the Vine Stalker Monk began the quest for the Orb.
     0 | D:1      | Reached XP level 1. HP: 11/11 MP: 2/2
   109 | D:1      | Reached XP level 2. HP: 16/16 MP: 3/3
   479 | D:2      | Reached XP level 3. HP: 20/20 MP: 4/4
   658 | D:2      | Identified the +12 dagger of Watchfulness {speed, Str+4
                  | Dex+3}
   669 | D:2      | Noticed Natasha
   675 | D:2      | Killed Natasha
   676 | D:2      | Gained mutation: Your natural rate of healing is unusually
                  | fast. [Vine Stalker growth]
   676 | D:2      | Reached XP level 4. HP: 24/24 MP: 5/5
   678 | D:2      | Found a faded altar of an unknown god.
   693 | D:2      | Noticed Natasha
   698 | D:2      | Killed Natasha
   712 | D:2      | Noticed Natasha
   743 | D:2      | Killed Natasha
   744 | D:2      | Reached skill level 1 in Armour
   744 | D:2      | Reached XP level 5. HP: 7/28 MP: 4/6
   880 | D:2      | Found a runed translucent door.
   881 | D:2      | Noticed Crazy Yiuf
   888 | D:2      | Killed Crazy Yiuf
  1144 | D:3      | Upgraded the game from 0.31-a0-7-g51783674b7 to
                  | 0.31-a0-43-g46d131a48f
  1273 | D:3      | Reached XP level 6. HP: 31/33 MP: 7/7
  1638 | D:3      | Reached skill level 1 in Short Blades
  2137 | D:4      | Found a sand-covered staircase.
  2144 | Ossuary  | Entered an ossuary
  2196 | Ossuary  | Reached XP level 7. HP: 37/37 MP: 8/8
  2502 | D:4      | Reached skill level 1 in Stealth
  2553 | D:5      | Entered Level 5 of the Dungeon
  2614 | D:5      | Found a glowing golden altar of the Shining One.
  2724 | D:5      | Identified the +0 robe of Unambiguity {Will- Int+6}
  2910 | D:5      | Reached skill level 2 in Stealth
  3606 | D:6      | Found a staircase to the Ecumenical Temple.
  3617 | Temple   | Entered the Ecumenical Temple
  3625 | Temple   | Became a worshipper of Uskayaw the Reveller
  3625 | Temple   | Reached * piety under Uskayaw
  3757 | D:6      | Reached ** piety under Uskayaw
  3759 | D:6      | Gained mutation: You have razor-sharp teeth. [Vine Stalker
                  | growth]
  3759 | D:6      | Reached XP level 8. HP: 42/42 MP: 9/9
  3966 | D:7      | Reached *** piety under Uskayaw
  3972 | D:7      | Reached **** piety under Uskayaw
  4009 | D:7      | Reached skill level 5 in Short Blades
  4107 | D:7      | Reached skill level 3 in Stealth
  4310 | D:7      | Reached XP level 9. HP: 46/46 MP: 10/10
  4597 | D:7      | Found a flagged portal.
  4628 | Bailey   | Entered a bailey
  4663 | Bailey   | Reached skill level 1 in Shields
  4709 | Bailey   | Reached skill level 4 in Stealth
  4711 | Bailey   | Reached ***** piety under Uskayaw
  4727 | Bailey   | Reached skill level 5 in Armour
  4728 | Bailey   | Reached ****** piety under Uskayaw
  4758 | Bailey   | Found the +2 Maxwell's thermic engine {flame, freeze, rev}
  4856 | Bailey   | Identified the +4 ring mail of Impatience {rPois rC+ Int+6}
  5134 | D:7      | Found a white marble altar of Elyvilon.
  5134 | D:7      | Found a burning altar of Makhleb.
  5134 | D:7      | Found a hazy altar of Hepliaklqana.
  5200 | D:7      | Noticed Joseph
  5213 | D:7      | Killed Joseph
  5214 | D:7      | Reached skill level 5 in Stealth
  5646 | D:8      | Reached skill level 6 in Stealth
  5682 | D:8      | Noticed Maggie
  5691 | D:8      | Killed Maggie
  5692 | D:8      | Reached skill level 5 in Fighting
  5703 | D:8      | Reached XP level 10. HP: 50/51 MP: 11/11
  5704 | D:8      | Noticed Maurice
  5716 | D:8      | Killed Maurice
  6358 | D:9      | Reached skill level 7 in Stealth
  6442 | D:9      | Noticed a kobold demonologist
  6442 | D:9      | Noticed a kobold demonologist
  6468 | D:9      | Noticed an orange demon
  6480 | D:9      | Killed a kobold demonologist
  6487 | D:9      | Killed a kobold demonologist
  6669 | D:9      | Reached skill level 8 in Stealth
  6746 | D:9      | Noticed a kobold demonologist
  6758 | D:9      | Killed a kobold demonologist
  6965 | D:10     | Entered Level 10 of the Dungeon
  6971 | D:10     | Noticed a cyclops
  6977 | D:10     | Killed a cyclops
  6978 | D:10     | Reached XP level 11. HP: 56/56 MP: 12/12
  7190 | D:10     | Reached skill level 9 in Stealth
  7212 | D:10     | Found a staircase to the Orcish Mines.
  7421 | D:10     | Noticed a two-headed ogre
  7426 | D:10     | Killed a two-headed ogre
  7914 | D:10     | Reached skill level 10 in Stealth
  8244 | D:11     | Noticed a cyclops
  8254 | D:11     | Killed a cyclops
  8619 | D:11     | Noticed a cyclops
  8631 | D:11     | Killed a cyclops
  8699 | D:11     | Found a staircase to the Lair.
  8961 | Lair:1   | Entered Level 1 of the Lair of Beasts
  8975 | Lair:1   | Reached skill level 11 in Stealth
  9032 | Lair:1   | Found a glowing golden altar of the Shining One.
  9135 | Lair:1   | Found a frozen archway.
  9149 | Lair:1   | Reached skill level 5 in Shields
  9160 | IceCv    | Entered an ice cave
  9289 | IceCv    | Reached XP level 12. HP: 62/62 MP: 8/13
  9457 | IceCv    | Noticed a reaper
  9472 | IceCv    | HP: 1/62 [reaper/+2 scythe of freezing (7)]
  9476 | IceCv    | Killed a reaper
  9477 | IceCv    | Reached skill level 12 in Stealth
  9477 | IceCv    | HP: 2/62 [death yak simulacrum (1)]
  9477 | IceCv    | Slain by a death yak simulacrum

Illustrated notes

Levels and vault maps discovered:
D:1:      lemuel_arrival_broad_hall, layout_rooms, grunt_decor_arrowhead,
          corexii_leaking_fountain
D:2:      layout_rooms, shapermc_ecumenical_altar_mp_ritualfount, uniq_natasha,
          uniq_crazy_yiuf_cottage
D:3:      layout_loops_cross, nrook_loot_triangle, minmay_fractal_squares_5
D:4:      layout_rooms, nicolae_ossuary_entry_plus
D:5:      layout_loops_cross, old_standard_altar, solitary_fountain,
          nicolae_kite_square_tiling_tiny
D:6:      wander_river, layout_cave_pods, minmay_temple_entry_glassed_door
D:7:      layout_layer_cave, gammafunk_temple_overflow_claw, enter_bailey_5,
          uniq_joseph
D:8:      layout_loops_ring, uniq_maggie, uniq_maurice
D:9:      layout_irregular_city
D:10:     layout_stronghold, erik_orc_1
D:11:     layout_irregular_city, david_lair_shrubbed
Temple:   eino_narrow_crystal_temple
Lair:1:   layout_gridlike, basic_altar, portal_ice_cave_entry_pillars_2,
          cheibrodos_lair_reptile_den, uniq_gastronok
IceCv:    ice_cave_caverns_03

Skill      XL: |  1  2  3  4  5  6  7  8  9 10 11 12 |
---------------+-------------------------------------+-----
Fighting       | 3 4 5 6 |  6.6
Long Blades    | 3 4 |  4.1
Dodging        | 3 |  3.8
Armour         | 1 2 3 4 5 7 8 |  8.1
Short Blades   | 2 3 5 6 7 8 |  8.8
Stealth        | 2 3 6 8 11 12 | 12.0
Shields        | 2 4 5 |  5.2
Throwing       | |  0.5
Evocations     | |  0.1

Action                     |  1- 3 |  4- 6 |  7- 9 | 10-12 || total
---------------------------+-------+-------+-------+-------++-------
  Melee: Falchion          |    57 |       |       |       ||    57
         Bite              |    16 |    33 |    71 |   146 ||   266
         Dagger            |     4 |   118 |   244 |   431 ||   797
  Throw: Throwing net      |       |       |     1 |     1 ||     2
 Invoke: Line Pass         |       |       |       |     1 ||     1
  Evoke: Wand              |       |       |       |     3 ||     3
    Use: Potion            |       |     1 |       |       ||     1
   Stab: Held in net/web   |       |       |     1 |     1 ||     2
         Paralysed         |       |       |    11 |    35 ||    46
 Armour: Chain mail        |    18 |    42 |     8 |       ||    68
         Robe              |     5 |       |       |       ||     5
         Plate armour      |       |       |   101 |   149 ||   250
  Dodge: Dodged            |    24 |    40 |    62 |    47 ||   173
  Block: Buckler           |       |       |    30 |    58 ||    88
         Kite shield       |       |       |       |    13 ||    13

Table legend: (Time is in decaauts)
 A = Elapsed time spent in this place.
 B = Non-inter-level travel time spent in this place.
 C = Inter-level travel time spent in this place.
 D = Time resting spent in this place.
 E = Time spent auto-exploring this place.
 F = Levels seen in this place.
 G = Mean time per level.
                   A        B        C        D        E       F      G
               +--------+--------+--------+--------+--------+-----+--------+
         Total |   9094 |   8751 |    343 |     55 |   6413 |  16 |  568.4 |
       Dungeon |   8224 |   7881 |    343 |     18 |   6117 |  11 |  747.6 |
        Temple |     16 |     16 |      0 |      0 |      0 |   1 |   16.0 |
          Lair |    157 |    157 |      0 |      0 |     90 |   1 |  157.0 |
       Ossuary |    123 |    123 |      0 |      0 |     24 |   1 |  123.0 |
        Bailey |    295 |    295 |      0 |      0 |     77 |   1 |  295.0 |
      Ice Cave |    276 |    276 |      0 |     37 |    105 |   1 |  276.0 |
               +--------+--------+--------+--------+--------+-----+--------+

Top non-repeatable levels by time:
     D:7: 1238 daAuts
    D:10: 1192 daAuts
     D:3: 795 daAuts
     D:6: 757 daAuts
    D:11: 726 daAuts
     D:9: 668 daAuts
     D:8: 651 daAuts
     D:2: 620 daAuts
     D:5: 614 daAuts
     D:4: 482 daAuts
     D:1: 476 daAuts
  Bailey: 295 daAuts
   IceCv: 276 daAuts
  Lair:1: 157 daAuts
 Ossuary: 123 daAuts
